 Dungeon Crawl Stone Soup version 0.26-a0-682-g294304f6e8 (webtiles) character file.

Game seed: 16661428594840248146

439 somkeydreadnuts the Chopper (level 7, -7/44 HPs)
             Began as a Gargoyle Fighter on Oct 21, 2020.
             Killed from afar by an orc wizard (10 damage)
             ... with a puff of frost
             ... on level 4 of the Dungeon.
             The game lasted 00:09:16 (2615 turns).

somkeydreadnuts the Chopper (Gargoyle Fighter)      Turns: 2615, Time: 00:09:16

Health: -7/44      AC: 12    Str: 21    XL:     7   Next: 1%
Magic:  7/7        EV:  7    Int:  9    God:
Gold:   180        SH:  0    Dex:  9    Spells: 6/6 levels left

rFire    . . .     SeeInvis .   a - +0 war axe
rCold    . . .     Faith    .   c - +0 kite shield
rNeg     + . .     Spirit   .   b - +0 scale mail
rPois    ∞         Reflect  .   q - +0 helmet
rElec    +         Harm     .   (no cloak)
rCorr    .         Rampage  .   (no gloves)
MR       .....                  (no boots)
Stlth    ..........             (no amulet)
HPRegen  0.14/turn              m - ring of stealth
MPRegen  0.10/turn              (no ring)

@: confused
A: negative energy resistance 1, electricity resistance, unbreathing,
petrification resistance, rot immunity, AC +4
a: no special abilities


You were on level 4 of the Dungeon.
You visited 1 branch of the dungeon, and saw 4 of its levels.

You collected 180 gold pieces.

Inventory:

Hand Weapons
 a - a +0 war axe (weapon)
Armour
 b - a +0 scale mail (worn)
 c - a +0 kite shield (worn)
 q - a +0 helmet (worn)
Jewellery
 m - a ring of stealth (left hand)
Scrolls
 e - 8 scrolls of identify {unknown}
 f - a scroll of random uselessness {unknown}
 i - 3 scrolls of teleportation {unknown}
 k - 4 scrolls of remove curse {unknown}
 n - a scroll of blinking {unknown}
Potions
 d - a potion of might
 g - a potion of lignification {unknown}
 h - a potion of degeneration {unknown}
 j - 2 potions of stabbing {unknown}
 l - 2 potions of heal wounds {unknown}
 o - 2 potions of curing {unknown}
 p - 2 potions of brilliance {unknown}
 r - a potion of resistance {unknown}


   Skills:
 + Level 5.0 Fighting
 + Level 5.5 Axes
 - Level 3.5 Armour
 - Level 0.1 Dodging
 - Level 3.4 Shields


You had 6 spell levels left.
You didn't know any spells.
Your spell library was empty.

Dungeon Overview and Level Annotations

Branches:
Dungeon (4/15)             Temple (0/1) D:4

Altars:
Fedhas
Gozag
Yredelemnul


Innate Abilities, Weirdness & Mutations

You are resistant to torment.
Your stone body is resilient. (AC +4)
You are immune to poison.
You resist negative energy. (rN+)
You are resistant to electric shocks. (rElec)
You can survive without breathing.
You are immune to petrification.
You are immune to rotting.


Message History

Something hits you but does no damage.
The phantom hits you but does no damage.
Something hits you but does no damage. x2
You slash the phantom!
You destroy the phantom!
Your Fighting skill increases to level 5!
You have reached level 7!
You miss something. You closely miss something.
Something hits you but does no damage. x4
You bump into the translucent rock wall.
You hear some strange, mumbled words.
A puff of flame appears from out of thin air!
The puff of flame hits you.
* * * LOW HITPOINT WARNING * * *
Something hits you but does no damage. x2
You see here 14 stones.
You hear some strange, mumbled words.
A puff of frost appears from out of thin air!
The puff of frost hits you!
You die...

#.#.#.#.#.#
..........#
#.......#.#
..........#
#...>...#.#
..........##
#.......#..#
.......@...## ####
#.#.#.#{#...###<...
.......†)..........
######...†....#####
....?.......##
#####..#..<##
#..##.## .....###
#####.


There were no monsters in sight!

Vanquished Creatures
  A phantom (D:4)
  An ogre (D:3)
  Natasha (twice) (D:2)
  An orc wizard (D:3)
  Robin (D:2)
  6 adders
  2 oozes
  3 worms (D:2)
  5 dart slugs
  6 orcs
  A ball python (D:3)
  2 giant cockroaches
  19 goblins
  10 hobgoblins
  13 jackals
  7 kobolds
  5 bats
  4 frilled lizards
  7 rats
  A spectral orc (D:2)
97 creatures vanquished.

Vanquished Creatures (others)
  A bat (D:1)
1 creature vanquished.

Grand Total: 98 creatures vanquished

Notes
Turn   | Place    | Note
-------+----------+-------------------------------------------
     0 | D:1      | somkeydreadnuts the Gargoyle Fighter began the quest for
                  | the Orb.
     0 | D:1      | Reached XP level 1. HP: 14/14 MP: 1/1
   104 | D:1      | Reached XP level 2. HP: 19/19 MP: 2/2
   289 | D:1      | Reached XP level 3. HP: 13/23 MP: 3/3
  1071 | D:2      | Reached XP level 4. HP: 29/29 MP: 4/4
  1266 | D:2      | Noticed Natasha
  1268 | D:2      | Killed Natasha
  1301 | D:2      | Reached XP level 5. HP: 32/33 MP: 5/5
  1373 | D:2      | Noticed Robin
  1393 | D:2      | Killed Robin
  1571 | D:2      | Found a basalt altar of Yredelemnul.
  1693 | D:2      | Found an opulent altar of Gozag.
  1814 | D:2      | Noticed Natasha
  1825 | D:2      | Killed Natasha
  2038 | D:3      | Found a blossoming altar of Fedhas.
  2063 | D:3      | Noticed an ogre
  2072 | D:3      | Reached XP level 6. HP: 26/39 MP: 6/6
  2075 | D:3      | Reached skill level 5 in Axes
  2579 | D:4      | Noticed a phantom
  2580 | D:4      | Found a staircase to the Ecumenical Temple.
  2612 | D:4      | Killed a phantom
  2612 | D:4      | Reached skill level 5 in Fighting
  2612 | D:4      | Reached XP level 7. HP: 8/44 MP: 7/7
  2613 | D:4      | HP: 2/44 [something/puff of flame (6)]
  2615 | D:4      | Killed from afar by an orc wizard

Illustrated notes

Levels and vault maps discovered:
D:1:      lightli_arrival_noodles, layout_loops_ring, minmay_cut_off
D:2:      layout_loops_cross, nicolae_overflow_hidden_temple,
          yredelemnul_forgotten_temple_becter, uniq_natasha, uniq_robin
D:3:      layout_rooms, nicolae_overflow_crystal_walls, corexii_corridor_pit
D:4:      layout_loops_ring, tso_oasis_becter, minmay_temple_entry_glass,
          serial_shops, shop

Skill      XL: |  1  2  3  4  5  6 |
---------------+-------------------+-----
Axes           | 2 3 4 5 |  5.5
Fighting       | 4 5 |  5.0
Armour         | |  3.5
Dodging        | |  0.1
Shields        | |  3.4

Action                   |  1- 3 |  4- 6 |  7- 9 || total
-------------------------+-------+-------+-------++-------
Melee: War axe           |   155 |   157 |       ||   312
Armor: Scale mail        |   103 |   134 |     5 ||   242
Dodge: Dodged            |    77 |    68 |       ||   145
Block: Kite shield       |   108 |    93 |       ||   201

Table legend: (Time is in decaauts)
 A = Elapsed time spent in this place.
 B = Non-inter-level travel time spent in this place.
 C = Inter-level travel time spent in this place.
 D = Time resting spent in this place.
 E = Time spent auto-exploring this place.
 F = Levels seen in this place.
 G = Mean time per level.
                   A        B        C        D        E       F      G
               +--------+--------+--------+--------+--------+-----+--------+
         Total |   2743 |   2743 |      0 |      0 |   1243 |   4 |  685.8 |
       Dungeon |   2743 |   2743 |      0 |      0 |   1243 |   4 |  685.8 |
               +--------+--------+--------+--------+--------+-----+--------+

Top non-repeatable levels by time:
     D:1: 1020 daAuts
     D:2: 975 daAuts
     D:3: 703 daAuts
     D:4: 42 daAuts
